 Dungeon Crawl Stone Soup version 0.30.0-10-gfe55d96785 (webtiles) character file.

Game seed: 2165234224601598522

18 olmar the Trooper (level 2, 0/28 HPs)
             Began as a Naga Fighter on May 15, 2023.
             Succumbed to a goblin's poison
             ... on level 1 of the Dungeon.
             The game lasted 00:00:26 (277 turns).

olmar the Trooper (Naga Fighter)                     Turns: 277, Time: 00:00:26

Health: 0/28       AC:  5    Str: 18    XL:     2   Next: 70%
Magic:  2/2        EV:  7    Int:  8    God:
Gold:   10         SH:  4    Dex: 10    Spells: 1/1 levels left

rFire   . . .        a - +0 flail
rCold   . . .        c - +0 buckler
rNeg    . . .        b - +0 scale mail
rPois   +            e - +0 helmet
rElec   .            (no cloak)
rCorr   .            (no gloves)
SInv    +            (no barding)
Will    .....        (no amulet) Stlth
                     (no ring)
HPRegen 0.24/turn    (no ring)
MPRegen 0.08/turn

%: no passive effects
@: lethally poisoned (0 -> -2), short of breath, very slow
A: AC +0, large, see invisible, deformed body, poison resistance, slowness 2,
spit poison 1, naga tail 1
a: Spit Poison


You were on level 1 of the Dungeon.
You visited 1 branch of the dungeon, and saw 1 of its levels.

You collected 10 gold pieces.

Inventory:

Hand Weapons
 a - a +0 flail (weapon)
Armour
 b - a +0 scale mail (worn)
 c - a +0 buckler (worn)
 e - a +0 helmet (worn)
Scrolls
 f - a scroll of identify {unknown}
Potions
 d - a potion of might


   Skills:
 + Level 3.1 Fighting
 + Level 2.1 Maces & Flails
 + Level 3.0 Armour
 + Level 0.2 Dodging
 + Level 2.7 Shields


You had one spell level left.
You didn't know any spells.
Your spell library was empty.

Dungeon Overview and Level Annotations

Branches:
Dungeon (1/15)

Altars:


Innate Abilities, Weirdness & Mutations

Your serpentine skin is tough. (AC +0)
You have supernaturally acute eyesight. (SInv)
Armour fits poorly on your strangely shaped body.
Your system is resistant to poisons. (rPois)
You cover ground very slowly.
You can spit poison.
You have a snake-like lower body.


Message History

You are too injured to fight recklessly!
You are too injured to fight recklessly!
You are too injured to fight recklessly!
You are too injured to fight recklessly!
You are too injured to fight recklessly!
You are too injured to fight recklessly!
You are too injured to fight recklessly!
Unknown command.
You feel sick. You block the rat's attack.
The goblin hits you but does no damage.
You are lethally poisoned!
The hobgoblin barely misses you.
You see here a puce potion.
The goblin attacks as you move away! The goblin hits you but does no damage.
The hobgoblin attacks as you move away! You block the hobgoblin's attack.
* * * LOW HITPOINT WARNING * * *
You feel very sick. The rat attacks as you move away!
The rat barely misses you.
* * * LOW HITPOINT WARNING * * *
You feel very sick. The hobgoblin barely misses you.
A kobold comes into view. It is wielding a +0 whip.
* * * LOW HITPOINT WARNING * * *
You feel sick.
The kobold shouts!
The kobold throws a stone.
You block the stone. The rat bites you but does no damage.
It was a potion of cancellation.
You feel magically purged.
* * * LOW HITPOINT WARNING * * *
You feel sick. The rat barely misses you.
The kobold throws a stone.
The stone hits you but does no damage.
Unknown command.
* * * LOW HITPOINT WARNING * * *
You feel sick.
Aiming: Spit Poison (2% risk of failure)
Press: ? - help, Shift-Dir - straight line, f - rat
Aim: a rat (59% to hit)
The splash of poison hits the rat.
The rat is poisoned.
The rat is heavily wounded.
You die...

.#.# .. ......$..#.
.#.#
.......##..........
...# # ....
.....?......♣ ..####.##
.... #...?....♣P
........# #K.
#........~♣ ....#...
..##..####.!......♣♣
#.#..(#.
........#g.......#
#.###....
#..#rg.g..######♣♣ #..#
##.# #..@##...........♣
♣ ##.# ..#
#..........###.†.####.♣
#†# #.#
##.......#.###.........
##.##..###
###.........#.>.#.####
.........###
##......#.#...#.#
...........
..##.....#...#.#
.........# ##
#.....#...#.#
.........#
#..##†#...#.#
.........#
#.....#...#.#


You could see a hobgoblin, 2 goblins, a kobold and a rat (poisoned).

Vanquished Creatures
  A worm (D:1)
  A dart slug (D:1)
  5 ball pythons (D:1)
  3 endoplasms (D:1)
  A goblin (D:1)
  A frilled lizard (D:1)
  A rat (D:1)
13 creatures vanquished.

Notes
Turn   | Place    | Note
-------+----------+-------------------------------------------
     0 | D:1      | olmar the Naga Fighter began the quest for the Orb.
     0 | D:1      | Reached XP level 1. HP: 21/21 MP: 1/1
   136 | D:1      | Reached XP level 2. HP: 26/28 MP: 2/2
   276 | D:1      | HP: 1/28 [poisoned by a goblin]
   277 | D:1      | Succumbed to a goblin's poison

Illustrated notes

Levels and vault maps discovered:
D:1:      dpeg_arrival_brainrot, layout_rooms, serial_bayou_lake_a

Skill      XL: |  1  2 |
---------------+-------+-----
Armour         | 3 |  3.0
Fighting       | |  3.1
Maces & Flails | |  2.1
Dodging        | |  0.2
Shields        | |  2.7

Action                     || total
---------------------------++-------
  Melee: Flail             ||    42
Ability: Spit Poison       ||     1
    Use: Potion            ||     1
 Armour: Scale mail        ||    24
  Dodge: Dodged            ||    24
  Block: Buckler           ||    15
